 Dungeon Crawl Stone Soup version 0.31-a0-161-gb58dd9be76 (webtiles) character file.

Game seed: 5379660537180272827

7940 mopl the Cleaver (level 11, -2/85 (86) HPs)
             Began as a Formicid Warper on June 12, 2023.
             Was an Elder of Okawaru.
             Slain by a soul eater (14 damage)
             ... on level 9 of the Dungeon.
             The game lasted 00:13:04 (8306 turns).

mopl the Cleaver (Formicid Warper)                  Turns: 8306, Time: 00:13:05

HP:   -2/85 (86)    AC:  9    Str: 20    XL:     11   Next: 46%
MP:   24/26         EV: 26    Int: 13    God:    Okawaru [****..]
Gold: 443           SH: 10    Dex: 13    Spells: 8/14 levels left

rFire   . . .        a - +2 war axe
rCold   . . .        Q - +0 kite shield
rNeg    . . .        N - +0 steam dragon scales
rPois   .            (helmet unavailable)
rElec   .            (no cloak)
rCorr   .            o - +0 pair of gloves
SInv    +            (no boots)
Will    +....        w
                       - Hermit's Pendant {Faith Invo=14 Evo=0 MP+5}
Stlth   +++          k - +5 ring of evasion
HPRegen 0.34/turn    H - +5 ring of evasion
MPRegen 0.20/turn

%: faith
@: heroic, finesse-ful, spiked, lightly drained
A: permanent stasis, dig shafts and tunnels, antennae 3, four strong arms
a: Dig, Shaft Self, Renounce Religion, Heroism, Finesse


You were on level 9 of the Dungeon.
You worshipped Okawaru.
Okawaru was greatly pleased with you.
You visited 1 branch of the dungeon, and saw 9 of its levels.

You collected 443 gold pieces.

Inventory:

Hand Weapons
 a - a +2 war axe (weapon)
 b - a +1 spear of venom
 P - a +0 scimitar of flaming
Missiles
 d - 7 boomerangs of dispersal
 y - 6 poisoned darts (quivered)
 E - a throwing net
 J - 3 silver javelins
 L - 6 javelins
Armour
 o - a +0 pair of gloves (worn)
 N - +0 steam dragon scales (worn)
 Q - a +0 kite shield (worn)
Jewellery
 h - a ring of fire
 k - a +5 ring of evasion (left hand)
 w - the Hermit's Pendant (around neck) {Faith Invo=14 Evo=0 MP+5}
   (You found it on level 4 of the Dungeon)

   [amulet of faith]

   Invo=14: It sets your Invocations skill to 14.
   Evo=0: It sets your Evocations skill to 0.
   It allows you to gain divine favour quickly.
   MP:        It affects your magic capacity (+5).
 x - a ring of flight
 z - a ring of protection from fire
 D - a ring of wizardry
 H - a +5 ring of evasion (right hand)
Wands
 G - a wand of flame (8)
 M - a wand of quicksilver (5)
Scrolls
 c - 2 scrolls of blinking
 e - 4 scrolls of identify
 i - a scroll of silence {!r}
 j - a scroll of fog {unknown}
 l - 3 scrolls of vulnerability
 q - 3 scrolls of enchant armour {unknown}
 s - 2 scrolls of immolation {unknown}
 u - 2 scrolls of poison {unknown}
 B - a scroll of brand weapon {unknown}
 C - 2 scrolls of teleportation {unknown}
 K - a scroll of fear {unknown}
 O - a scroll of revelation {unknown}
 S - a scroll of torment {unknown}
Potions
 f - 2 potions of cancellation
 g - a potion of ambrosia
 m - a potion of might
 p - 2 potions of mutation {!q}
 r - 3 potions of lignification {!q}
 v - a potion of haste
 A - 3 potions of brilliance
 F - 2 potions of curing


   Skills:
 + Level 8.1(13.1) Fighting
 * Level 10.2(15.2) Axes
 + Level 4.2(9.2) Throwing
 + Level 7.7(12.7) Armour
 + Level 6.6(11.6) Dodging
 + Level 2.1(7.1) Shields
 - Level 2.1 Spellcasting
 + Level 5.1 Translocations


You had 8 spell levels left.
You knew the following spells:

 Your Spells              Type           Power      Damage    Failure   Level
a - Manifold Assault      Tloc           14%        N/A       54%         4
b - Lesser Beckoning      Tloc           28%        N/A       10%         2

Your spell library contained the following spells:

 Spells                   Type           Power      Damage    Failure   Level
 Gell's Gravitas          Tloc           14%        N/A       19%         3
 Teleport Other           Tloc           14%        N/A       19%         3
 Volatile Blastmotes      Fire/Tloc      16%        2d11      50%         3
 Cigotuvi's Dreadful Rot  Necr/Pois/Air  2%         N/A       63%         2
 Dazzling Flash           Conj/Hex       2%         N/A       85%         3
 Ignite Poison            Fire/Tmut/Pois 1%         N/A       85%         3
 Iskenderun's Mystic Bla  Conj/Tloc      8%         2d4       88%         4
 Freezing Cloud           Conj/Ice/Air   0%         6-21      100%        5
 Starburst                Conj/Fire      0%         6d3       100%        6
 Blink                    Tloc           Unusable   N/A       N/A         2
 Vhi's Electric Charge    Tloc/Air       Unusable   N/A       N/A         3

Dungeon Overview and Level Annotations

Branches:
Dungeon (9/15)             Temple (0/1) D:7            Lair (0/5) D:9
    Orc: D:9-12

Altars:
Kikubaaqudgha
Okawaru
Qazlal
Ru
Vehumet
Yredelemnul
Zin

Annotations:
D:3 1 runed translucent door, Crazy Yiuf


Innate Abilities, Weirdness & Mutations

You cannot be hasted, slowed, berserked, paralysed or teleported.
You can dig through walls and to a lower floor.
You have a pair of large antennae on your head. (SInv)
Your four strong arms can wield two-handed weapons with a shield.


Message History

You hit the soul eater but do no damage.
The soul eater is heavily wounded.
Aiming: Quicksilver Bolt
Press: ? - help, Shift-Dir - straight line, f - red devil
Aim: a red devil, wielding a +0 demon trident (60% to hit)
The bolt of dispelling energy hits the soul eater!
The soul eater is severely wounded.
The bolt of dispelling energy hits the red devil!
The red devil is moderately wounded.
You block the soul eater's attack. The red devil closely misses you.
Unknown command.
Unknown command.
There are monsters nearby!
Aiming: Quicksilver Bolt
Press: ? - help, Shift-Dir - straight line, f/p - red devil
Aim: a red devil, wielding a +0 demon trident (moderately wounded, 60% to hit)
The bolt of dispelling energy hits the soul eater!
The soul eater is almost dead.
The bolt of dispelling energy hits the red devil!
The red devil is almost dead.
The soul eater barely misses you.
The red devil hits you from afar with a +0 demon trident.
* * * LOW HITPOINT WARNING * * *
Barbed spikes become lodged in your body.
Unknown command.
Aiming: Quicksilver Bolt
Press: ? - help, Shift-Dir - straight line, f/p - red devil
Aim: a red devil, wielding a +0 demon trident (almost dead, 60% to hit)
The bolt of dispelling energy misses the soul eater.
The bolt of dispelling energy hits the red devil!!
You kill the red devil!
Okawaru accepts your kill. The soul eater barely misses you.
Unknown command.
Aiming: Quicksilver Bolt
Press: ? - help, Shift-Dir - straight line, f - soul eater
Aim: a soul eater (severely wounded, 71% to hit)
The bolt of dispelling energy misses the soul eater.
The soul eater draws from the surrounding life force!
You die...

#...).##..#
####+####...))#..#
.............)#.######
.......#.............#
.......#####.........#
......< ##........#
..$....### #........#
......)3.####........#
.......#@..##........#
.......###...........#
....... ####........#
...♣.P♣ ########## ..
.~~ # ..~~ ##≈~~


You could see a soul eater.

Vanquished Creatures
  2 two-headed ogres (D:8)
  Erica (D:8)
  A sun demon (D:9)
  Joseph (D:8)
  Maggie (D:7)
  A red devil (D:9)
  A troll (D:9)
  A hellwing (D:9)
  2 hornets (D:7)
  Sigmund (D:2)
  12 yaks
  2 wyverns (D:7)
  A ynoxinul (D:9)
  A chaos spawn (D:9)
  2 ice beasts
  A black bear (D:6)
  A bullfrog (D:8)
  3 wights (D:8)
  3 killer bees (D:9)
  2 quasits (D:9)
  2 orc priests (D:9)
  A hound (D:7)
  A gnoll bouda (D:6)
  Jessica (D:1)
  Natasha (thrice) (D:2 D:1)
  Terence (D:2)
  2 iguanas (D:5)
  A sleepcap (D:6)
  11 orc wizards
  13 gnolls
  5 adders
  A white imp (D:7)
  An ufetubus (D:5)
  A worm (D:2)
  4 dart slugs
  25 orcs
  4 bats
  2 endoplasms
  2 giant cockroaches
  7 goblins
  3 hobgoblins
  9 jackals
  5 kobolds
  3 quokkas
  8 ball pythons
  7 frilled lizards
  4 rats
167 creatures vanquished.

Notes
Turn   | Place    | Note
-------+----------+-------------------------------------------
     0 | D:1      | mopl the Formicid Warper began the quest for the Orb.
     0 | D:1      | Reached XP level 1. HP: 16/16 MP: 3/3
   193 | D:1      | Reached XP level 2. HP: 20/23 MP: 5/5
   269 | D:1      | Reached skill level 2 in Dodging
   462 | D:2      | Noticed Natasha
   478 | D:2      | Killed Natasha
   479 | D:2      | Reached XP level 3. HP: 8/28 MP: 6/6
   623 | D:2      | Reached XP level 4. HP: 34/34 MP: 7/7
   638 | D:2      | Reached skill level 3 in Axes
   715 | D:2      | Reached skill level 2 in Armour
   882 | D:2      | Noticed Jessica
   901 | D:1      | Reached skill level 3 in Fighting
  1033 | D:1      | Killed Jessica
  1034 | D:1      | Reached XP level 5. HP: 37/41 MP: 8/8
  1187 | D:2      | Noticed Natasha
  1204 | D:2      | Killed Natasha
  1394 | D:2      | Noticed Terence
  1413 | D:2      | Killed Terence
  1414 | D:2      | Reached XP level 6. HP: 16/47 MP: 9/9
  1625 | D:2      | Noticed Sigmund
  1658 | D:2      | Killed Sigmund
  1659 | D:2      | Reached skill level 4 in Axes
  1659 | D:2      | Reached skill level 3 in Armour
  1659 | D:2      | Reached skill level 3 in Dodging
  1905 | D:2      | Noticed Natasha
  1934 | D:1      | Killed Natasha
  1935 | D:1      | Reached XP level 7. HP: 31/53 MP: 10/10
  2645 | D:3      | Found a runed translucent door.
  2646 | D:3      | Noticed Crazy Yiuf
  2687 | D:4      | Found the Hermit's Pendant {Faith Invo=14 Evo=0 MP+5}
  2847 | D:4      | Reached skill level 4 in Fighting
  3250 | D:4      | Found a basalt altar of Yredelemnul.
  3250 | D:4      | Found an iron altar of Okawaru.
  3359 | D:4      | Became a worshipper of Warmaster Okawaru
  3407 | D:5      | Entered Level 5 of the Dungeon
  3417 | D:5      | Found a stormy altar of Qazlal.
  3466 | D:5      | Found a sacrificial altar of Ru.
  3523 | D:5      | Reached skill level 5 in Axes
  3544 | D:5      | Learned a level 4 spell: Manifold Assault
  3547 | D:5      | Learned a level 2 spell: Lesser Beckoning
  3733 | D:5      | Found a glowing silver altar of Zin.
  4115 | D:5      | Reached * piety under Okawaru
  4376 | D:5      | Noticed a yak
  4384 | D:5      | Noticed a yak
  4388 | D:5      | Noticed a yak
  4389 | D:5      | Noticed a yak
  4389 | D:5      | Noticed a yak
  4391 | D:5      | Noticed a yak
  4405 | D:5      | Killed a yak
  4406 | D:5      | Reached skill level 4 in Armour
  4406 | D:5      | Reached XP level 8. HP: 60/61 MP: 18/18
  4419 | D:5      | Killed a yak
  4420 | D:5      | Reached skill level 6 in Axes
  4420 | D:5      | Reached skill level 4 in Dodging
  4434 | D:5      | Killed a yak
  4435 | D:5      | Reached skill level 5 in Fighting
  4717 | D:5      | Killed a yak
  4732 | D:5      | Killed a yak
  4732 | D:5      | Reached ** piety under Okawaru
  4733 | D:5      | Reached skill level 5 in Armour
  4733 | D:5      | Reached XP level 9. HP: 61/68 MP: 19/19
  4745 | D:5      | Reached skill level 7 in Axes
  5151 | D:6      | Reached skill level 6 in Fighting
  5151 | D:6      | Reached skill level 5 in Dodging
  5484 | D:6      | Reached *** piety under Okawaru
  5485 | D:6      | Reached skill level 3 in Translocations
  5496 | D:6      | Reached skill level 8 in Axes
  5496 | D:6      | Reached skill level 6 in Armour
  5965 | D:7      | Received a gift from Okawaru
  5969 | D:7      | Reached XP level 10. HP: 58/77 MP: 20/20
  5980 | D:7      | Found an ancient bone altar of Kikubaaqudgha.
  6102 | D:7      | Found a staircase to the Ecumenical Temple.
  6224 | D:7      | Reached skill level 2 in Throwing
  6480 | D:8      | Found a radiant altar of Vehumet.
  6491 | D:8      | Noticed a two-headed ogre
  6511 | D:8      | Noticed Joseph
  6512 | D:8      | Killed a two-headed ogre
  6512 | D:8      | Reached **** piety under Okawaru
  6513 | D:8      | Reached skill level 7 in Fighting
  6513 | D:8      | Reached skill level 9 in Axes
  6513 | D:8      | Reached skill level 4 in Translocations
  6715 | D:8      | Noticed Maggie
  6726 | D:8      | Noticed a two-headed ogre
  6739 | D:7      | Killed Maggie
  6740 | D:7      | Reached skill level 6 in Dodging
  7010 | D:8      | Noticed Erica
  7035 | D:8      | Killed Erica
  7036 | D:8      | Reached skill level 3 in Throwing
  7036 | D:8      | Reached skill level 7 in Armour
  7244 | D:8      | Killed a two-headed ogre
  7245 | D:8      | Reached XP level 11. HP: 56/85 MP: 21/21
  7288 | D:8      | Killed Joseph
  7840 | D:9      | Noticed a sun demon
  7869 | D:9      | Killed a sun demon
  7870 | D:9      | Reached skill level 10 in Axes
  7870 | D:9      | Reached skill level 1 in Shields
  7876 | D:9      | Reached skill level 4 in Throwing
  7879 | D:9      | Reached skill level 8 in Fighting
  7879 | D:9      | Reached skill level 5 in Translocations
  8097 | D:9      | Found a staircase to the Lair.
  8271 | D:9      | Noticed a soul eater
  8272 | D:9      | Reached skill level 2 in Shields
  8306 | D:9      | Slain by a soul eater

Illustrated notes

Levels and vault maps discovered:
D:1:      saegor_arrival_simple_a, layout_basic
D:2:      layout_loops_cross, minmay_tetromino_o2, uniq_jessica, uniq_sigmund,
          uniq_natasha, uniq_terence
D:3:      layout_basic, kennysheep_generic_room_5, uniq_crazy_yiuf_cottage
D:4:      layout_basic, nicolae_overflow_two_pavilions, minivault_25
D:5:      layout_basic, lemuel_crystal_altar, mainiacjoe_overflow_alcove_4,
          nicolae_ru_great_annihilating_truth, small_statue_intersection,
          nicolae_eternal_life, kennysheep_path_1
D:6:      layout_basic
D:7:      layout_cave_pools, kiku_gazebo_pond_becter,
          minmay_temple_entry_from_below_a, hangedman_decor_clover_reticule
D:8:      layout_rooms, vehumet_crystals, uniq_joseph, uniq_erica, uniq_maggie
D:9:      layout_roguey, lair_entry_dummy, serial_demonic, serial_demonic_g,
          serial_demonic_g, serial_demonic_e, serial_demonic_a,
          serial_demonic_d, serial_demonic_c, serial_demonic_f

Skill      XL: |  1  2  3  4  5  6  7  8  9 10 11 |
---------------+----------------------------------+-----
Dodging        | 2 3 4 5 6 |  6.6
Axes           | 3 4 5 6 8 9 10 | 10.2
Armour         | 2 3 4 5 6 7 |  7.7
Fighting       | 3 4 5 6 7 8 |  8.1
Translocations | 3 4 5 |  5.1
Throwing       | 3 4 |  4.2
Shields        | 2 |  2.1
Spellcasting   | |  2.1

Action                     |  1- 3 |  4- 6 |  7- 9 | 10-12 || total
---------------------------+-------+-------+-------+-------++-------
  Melee: Hand axe          |    69 |   147 |   262 |    11 ||   489
         Punch             |     1 |     6 |    22 |     2 ||    31
         Spear             |       |       |   224 |   200 ||   424
         War axe           |       |       |       |    91 ||    91
  Throw: Dart              |       |       |       |    10 ||    10
 Invoke: Heroism           |       |       |     3 |     8 ||    11
         Finesse           |       |       |       |     2 ||     2
  Evoke: Wand              |       |       |       |     4 ||     4
    Use: Scroll            |       |       |     9 |     3 ||    12
         Potion            |       |       |       |     6 ||     6
   Stab: Invisible         |       |       |     1 |       ||     1
         Paralysed         |       |       |     1 |       ||     1
 Armour: Scale mail        |    27 |    38 |   114 |    10 ||   189
         Steam dragon scal |       |       |       |    13 ||    13
  Dodge: Dodged            |    36 |   127 |   364 |   200 ||   727
  Block: Kite shield       |       |       |       |    43 ||    43

Table legend: (Time is in decaauts)
 A = Elapsed time spent in this place.
 B = Non-inter-level travel time spent in this place.
 C = Inter-level travel time spent in this place.
 D = Time resting spent in this place.
 E = Time spent auto-exploring this place.
 F = Levels seen in this place.
 G = Mean time per level.
                   A        B        C        D        E       F      G
               +--------+--------+--------+--------+--------+-----+--------+
         Total |   8206 |   7759 |    447 |   2190 |   3748 |   9 |  911.8 |
       Dungeon |   8206 |   7759 |    447 |   2190 |   3748 |   9 |  911.8 |
               +--------+--------+--------+--------+--------+-----+--------+

Top non-repeatable levels by time:
     D:5: 1340 daAuts
     D:2: 1319 daAuts
     D:6: 1047 daAuts
     D:7: 991 daAuts
     D:4: 834 daAuts
     D:8: 803 daAuts
     D:1: 757 daAuts
     D:3: 653 daAuts
     D:9: 459 daAuts
